 Dungeon Crawl Stone Soup version 0.26-a0-651-gb41185065b (webtiles) character file.

Game seed: 9360619022934721152

(classic levelgen) 271128 EnegeticOcto the Demolition Dwarf (level 19, 0/186 HPs)
             Began as a Deep Dwarf Fighter on Oct 17, 2020.
             Was an Elder of Makhleb.
             Slain by a sixfirhy (1 damage)
             ... summoned by Ciuppile
             ... on level 2 of the Depths.
             The game lasted 00:19:03 (15213 turns).

EnegeticOcto the Demolition Dwarf (DDFi)           Turns: 15213, Time: 00:19:03

Health: 0/186      AC:  7    Str: 28      XL:     19   Next: 1%
Magic:  10/10      EV: 31    Int:  6 (9)  God:    Makhleb [****..]
Gold:   450        SH: 15    Dex: 12      Spells: 18/18 levels left

rFire    + + .     SeeInvis .   p - +7 war axe (flame)
rCold    + + .     Faith    .   c - +1 kite shield
rNeg     + + .     Spirit   .   K - +0 gold dragon scales
rPois    +         Reflect  .   D - -2 hat of the Alchemist {rElec rPois rF+ rC+ rN+ MR+ rMut rCorr}
rElec    +         Harm     .   B - +1 cloak
rCorr    +         Rampage  .   x - +0 pair of gloves
rMut     +                      C - +0 pair of boots (curse)
MR       +++..                  Q - amulet of Zutiow {Acrobat rElec Stlth+}
Stlth    ..........             q - +4 ring of protection
HPRegen  0.00/turn              m - +4 ring of evasion
MPRegen  0.12/turn

@: corroded, acrobat, non-regenerating
A: damage resistance, heal wounds, negative energy resistance 1, sense
surroundings 3, no regeneration
0: Orb of Zot
}: 3/15 runes: decaying, serpentine, abyssal
a: Heal Wounds, Minor Destruction, Lesser Servant of Makhleb, Major Destruction,
Renounce Religion


You were on level 2 of the Depths.
You worshipped Makhleb.
Makhleb was greatly pleased with you.
You visited 6 branches of the dungeon, and saw 36 of its levels.
You visited the Abyss 2 times.
You also visited: Sewer and Bailey.

You collected 1635 gold pieces.
You spent 1185 gold pieces at shops.

Inventory:

Hand Weapons
 p - a +7 war axe of flaming (weapon)
 z - a +2 dagger of distortion
Missiles
 g - a throwing net (quivered)
Armour
 c - a +1 kite shield (worn)
 o - a scarf of resistance
 x - a +0 pair of gloves (worn)
 A - the +5 plate armour of the Robin {rC+}
   (You found it on level 9 of the Dungeon)

   It protects you from cold.
 B - a +1 cloak (worn)
 C - a cursed +0 pair of boots (worn)
 D - the -2 hat of the Alchemist (worn) {rElec rPois rF+ rC+ rN+ MR+ rMut rCorr}
   (You found it on level 9 of the Dungeon)

   It protects you from fire.
   It protects you from cold.
   It insulates you from electricity.
   It protects you from poison.
   It protects you from negative energy.
   It affects your resistance to hostile enchantments.
   It provides partial protection from all sources of acid and corrosion.
   It protects you from mutation.
 K - +0 gold dragon scales (worn)
Jewellery
 m - a +4 ring of evasion (right hand)
 q - a +4 ring of protection (left hand)
 O - a +4 ring of slaying {unknown}
 Q - the amulet of Zutiow (around neck) {Acrobat rElec Stlth+}
   (You bought it in a shop on level 1 of the Snake Pit)

   [amulet of the acrobat]

   It helps you evade while moving and waiting.
   It insulates you from electricity.
   It makes you more stealthy.
Wands
 b - a wand of acid (7) {@v1}
 s - a wand of disintegration (11)
 y - a wand of digging (3) {@v3}
 E - a wand of enslavement (15)
 G - a wand of polymorph (7)
 L - a wand of paralysis (6)
Scrolls
 f - 2 scrolls of teleportation {@r3}
 k - 10 scrolls of remove curse {@r2}
 t - a scroll of fog
 v - a scroll of magic mapping {@r5}
 H - 3 scrolls of immolation {@r4}
 J - a scroll of brand weapon
Potions
 h - 6 potions of mutation
 i - 4 potions of brilliance
 j - 6 potions of heal wounds {@q2}
 r - 2 potions of magic
 u - 5 potions of curing {@q1}
 w - 2 potions of ambrosia
 I - 2 potions of cancellation
 M - 2 potions of lignification {unknown}
Miscellaneous
 P - a box of beasts (3/3)
 V - a condenser vane (inert)


   Skills:
 * Level 15.4 Fighting
 - Level 16.0 Axes
 + Level 14.6 Armour
 + Level 13.3 Dodging
 + Level 14.5 Shields
 + Level 16.2 Invocations
 + Level 11.4 Evocations


You had 18 spell levels left.
You didn't know any spells.
Your spell library was empty.

Dungeon Overview and Level Annotations

Branches:
Dungeon (15/15)            Temple (0/1) D:6            Lair (3/6) D:11
  Swamp (4/4) Lair:2        Snake (4/4) Lair:3          Orc (0/2) D:12
 Vaults (0/5) D:14         Depths (5/5) D:15            Zot (5/5) Depths:5
  Sewer (visited)          Bailey (visited)

Altars:
Ashenzari
Cheibriados
Dithmenos
Elyvilon
Makhleb
Nemelex Xobeh
Okawaru
Qazlal
Ru
Sif Muna
Trog
Wu Jian

Shops:
D:11 *   Snake:1 }=}

Portals:
Hell: Depths:1 Depths:2 Depths:5
Pandemonium: Depths:3
Ziggurat: Depths:5

Annotations:
D:4 2 transporters
D:5 2 transporters, Irenicus's ghost, novice DDEE
D:12 1 runed translucent door
Swamp:1 1 transporter
Depths:2 exclusion: 4 doors


Innate Abilities, Weirdness & Mutations

You are resistant to damage.
You can heal yourself by infusing magical energy.
You resist negative energy. (rN+)
You passively map a large area around you.
You do not regenerate.


Message History

The sixfirhy is moderately wounded.
You hit the rust devil but do no damage.
The sixfirhy closely misses you. You block the sixfirhy's attack.
You closely miss the sixfirhy.
The sixfirhy is moderately wounded.
You hit the rust devil but do no damage.
You block the rust devil's attack.
You miss the sixfirhy.
The sixfirhy is moderately wounded.
You slash the rust devil! The rust devil hits you.
You closely miss the sixfirhy.
The sixfirhy is moderately wounded.
You hit the rust devil.
The Brimstone Fiend calls on the powers of darkness!
Your body is wracked with pain!
You miss the sixfirhy.
The sixfirhy is moderately wounded.
You closely miss the rust devil. You block the sixfirhy's attack.
The sixfirhy hits you but does no damage.
The rust devil hits you. The sixfirhy misses you. The balrug gestures at you.
Something smites you!
You completely miss the sixfirhy.
The sixfirhy is moderately wounded.
You hit the rust devil but do no damage.
The sixfirhy barely misses you. You block the sixfirhy's attack.
You block the rust devil's attack. The sixfirhy barely misses you.
You feel much better. The sixfirhy misses you. The sixfirhy closely misses you.
The balrug gestures at you. Something smites you!
The Brimstone Fiend calls on the powers of darkness!
Your body is wracked with pain!
The rust devil misses you.
You are too injured to fight recklessly!
You are too injured to fight recklessly!
You are too injured to fight recklessly!
You are too injured to fight recklessly!
You are too injured to fight recklessly!
You are too injured to fight recklessly!
You are too injured to fight recklessly!
You are too injured to fight recklessly!
You are too injured to fight recklessly!
You are too injured to fight recklessly!
There are monsters nearby!
There are monsters nearby!
There are monsters nearby!
There are monsters nearby!
There are monsters nearby!
There are monsters nearby!
The Brimstone Fiend calls on the powers of darkness!
Your body is wracked with pain!
* * * LOW HITPOINT WARNING * * *
The rust devil misses you. The rust devil misses you.
You block the sixfirhy's attack. The sixfirhy closely misses you.
The sixfirhy hits you!
* * * LOW HITPOINT WARNING * * *
The sixfirhy shocks you. You resist. The sixfirhy closely misses you.
The neqoxec gestures at you.
Something tries to feed on your intellect!
The rust devil completely misses you. You block the sixfirhy's attack.
The sixfirhy completely misses you. x2
The sixfirhy misses you. You block the rust devil's attack.
The rust devil hits you. The rust devil corrodes you!
You block the rust devil's attack. The balrug gestures at you.
Something smites you!
* * * LOW HITPOINT WARNING * * *
You block the sixfirhy's attack. x2; The rust devil closely misses you.
You block the sixfirhy's attack. You block the sixfirhy's attack.
The sixfirhy completely misses you. The sixfirhy misses you.
The balrug gestures at you. Something smites you!
* * * LOW HITPOINT WARNING * * *
The rust devil hits you. The sixfirhy completely misses you.
The sixfirhy barely misses you. The rust devil completely misses you.
You block the rust devil's attack. You block the sixfirhy's attack.
The rust devil misses you. You block the sixfirhy's attack.
The sixfirhy completely misses you. The sixfirhy closely misses you.
You block the sixfirhy's attack. The rust devil misses you.
You block the sixfirhy's attack. The sixfirhy completely misses you.
You block the sixfirhy's attack. The balrug gestures at you.
Something smites you!
* * * LOW HITPOINT WARNING * * *
The rust devil misses you. The balrug gestures at you. Something smites you!
* * * LOW HITPOINT WARNING * * *
The neqoxec gestures at you.
Something tries to feed on your intellect!
The rust devil hits you. The rust devil corrodes you!
Unknown command.
Unknown command.
You block the rust devil's attack.
The quasit disappears in a puff of smoke!
The white imp disappears in a puff of smoke!
The sixfirhy completely misses you. x2; The sixfirhy hits you.
You die...

####### #### ####
###4@.#.###..###
.#.##########3&3...........#
...#........#51###.###.##..##
.#..........ยง.2#........##..#
#....##...#..).#.#####...#.##
....#.#..##......#....#..#..#
....##.......[.#.#.#.#.#.#..#
.............(.#.#.....#.#..#
#############[[#.#.#.#.#.#..#


You could see Ciuppile, a Brimstone Fiend, a balrug, a rust devil (summoned), a
sixfirhy (summoned), a neqoxec (summoned) and a quasit (summoned).

Vanquished Creatures
  An orb of fire (Zot:2)
  Vashnia (Snake:4)
  2 golden dragons
  7 Orb Guardians
  A quicksilver dragon (Zot:2)
  A tentacled starspawn (Abyss:3)
  A thorn hunter (Swamp:4)
  Frances (D:12)
  A storm dragon (Zot:2)
  A tengu reaver (Depths:5)
  A shadow dragon (Depths:4)
  Agnes (Snake:4)
  7 nagarajas (Snake:4)
  2 draconian monks (Zot:2)
  2 frost giants
  Aizul (Snake:4)
  A warmonger (Depths:2)
  4 fire giants
  2 draconian knights
  A draconian scorcher (Zot:2)
  2 corrupters (Depths:2)
  A ghost moth (Zot:2)
  2 draconian shifters (Zot:2)
  A draconian stormcaller (Depths:5)
  3 stone giants
  2 very ugly things (Swamp:4)
  2 vampire knights
  A draconian annihilator (Zot:2)
  3 green draconians (Zot:2)
  2 purple draconians
  A black draconian (Zot:2)
  3 white draconians (Zot:2)
  3 red draconians
  A yellow draconian (Zot:2)
  3 spark wasps (Depths:5)
  3 ettins
  2 green deaths (Swamp:4)
  A merfolk impaler (Depths:4)
  2 fire dragons
  A blizzard demon (Depths:3)
  A yaktaur captain (Depths:3)
  A death ooze (Swamp:4)
  2 great orbs of eyes
  3 rakshasas
  A hell beast (Swamp:4)
  11 hydras
  Harold (D:7)
  2 centaur warriors
  2 shambling mangroves
  7 ice dragons
  A ghost crab (Swamp:2)
  A spriggan air mage (Depths:4)
  18 naga warriors
  6 two-headed ogres
  3 alligators (Swamp:4)
  5 anacondas
  A deep troll earth mage (Depths:3)
  4 deep troll shamans
  Urug (D:10)
  3 tengu warriors
  A thrashing horror (Swamp:4)
  10 naga sharpshooters
  An ogre mage (D:15)
  Sonja (D:11)
  2 spriggan berserkers (Depths:4)
  4 hell knights (Depths:5)
  A sixfirhy (Depths:3)
  An iron troll (Depths:3)
  A salamander mystic (Snake:2)
  4 unseen horrors
  6 glowing orange brains
  7 swamp dragons
  A flayed ghost (Depths:3)
  A gelid demonspawn (Depths:2)
  5 deep trolls (Depths:3)
  6 naga ritualists
  An orange crystal statue (Abyss:3)
  A lindwurm (shapeshifter) (Depths:5)
  A wizard (Depths:3)
  7 ugly things
  4 necromancers
  6 mana vipers
  An orb spider (shapeshifter) (Depths:1)
  2 manticores (D:15)
  3 salamanders
  A deep elf mage (D:15)
  4 elephants (Lair:2)
  2 cyclopes
  Maurice (D:10)
  9 moths of wrath
  5 guardian serpents
  A moth of wrath (shapeshifter) (D:14)
  19 black mambas
  20 naga magi
  An orange demon (Swamp:4)
  A smoke demon (Abyss:3)
  A gargoyle (D:13)
  A hellion (Depths:3)
  Joseph (D:8)
  2 cane toads
  A rime drake (Lair:3)
  2 kobold demonologists (D:15)
  A freezing wraith (D:15)
  An ice devil (Depths:3)
  5 yaktaurs
  2 ancient zymes (Abyss:3)
  2 komodo dragons
  A hellwing (Depths:3)
  A tormentor (Depths:2)
  21 slime creatures
  8 trolls
  4 hornets
  Prince Ribbit (Lair:3)
  A tyrant leech (Swamp:2)
  3 blink frogs (Lair:3)
  5 raiju (Abyss:3)
  3 bog bodies (Swamp:4)
  5 hippogriffs
  2 shadows (D:13)
  2 spriggans
  Sigmund (D:3)
  A water elemental (Depths:5)
  10 large abominations
  A vampire (D:15)
  A wyvern (Lair:3)
  2 wraiths
  4 yaks (D:10)
  8 vampire mosquitoes
  5 neqoxecs
  2 basilisks
  2 chaos spawn (Abyss:3)
  Menkaure (D:7)
  9 insubstantial wisps (Swamp:4)
  3 swamp worms
  27 nagas
  A swamp drake (Swamp:4)
  4 porcupines
  7 water moccasins
  Duvessa (D:7)
  3 ice beasts
  3 sky beasts
  6 small abominations (Abyss:3)
  A phantom (D:5)
  6 orc warriors
  5 wolves (Lair:3)
  7 ogres
  9 centaurs
  4 necrophages
  2 crocodiles
  2 big kobolds
  12 bullfrogs
  3 wyvern skeletons
  4 scorpions
  Dowan (D:7)
  12 wights
  12 killer bees
  A howler monkey (D:7)
  2 bullfrog zombies
  4 centaur zombies
  10 starcursed masses (Abyss:3)
  7 hounds
  An iron imp (Abyss:3)
  4 jellies
  8 orc priests
  22 orc wizards
  4 bullfrog skeletons
  3 iguanas
  5 worker ants
  2 hell rats (Lair:3)
  A hound zombie (D:5)
  3 hound skeletons
  A mummy (D:9)
  2 worker ant zombies
  4 gnolls (D:7)
  4 adders
  7 river rats (Lair:3)
  4 shadow imps
  2 white imps
  3 ufetubi
  4 adder skeletons
  2 worms
  A dart slug (D:4)
  8 leopard geckos
  45 orcs
  3 bats
  11 giant cockroaches
  8 goblins
  5 hobgoblins
  3 jackals (D:3)
  4 quokkas
  3 ball pythons
  7 frilled lizards
  A jackal zombie (D:5)
  16 kobolds
  A quokka simulacrum (D:9)
  A quokka zombie (D:9)
  4 rats
  8 briar patches (Swamp:4)
  4 starspawn tentacles (Abyss:3)
795 creatures vanquished.

Vanquished Creatures (collateral kills)
  A golden dragon (Depths:5)
  An electric golem (Zot:2)
  Jorgrun (D:12)
  An Orb Guardian (Zot:2)
  A death cob (Zot:1)
  A storm dragon (Zot:2)
  A tengu reaver (Depths:3)
  A draconian scorcher (Depths:5)
  A draconian annihilator (Zot:2)
  2 green draconians
  2 purple draconians
  Nessos (D:12)
  A white draconian (Zot:1)
  A yellow draconian (Zot:2)
  2 ettins
  A deep elf high priest (Depths:5)
  A naga warrior (Snake:4)
  2 hydras (Swamp:4)
  A hell beast (Swamp:4)
  An alligator (Swamp:4)
  A tengu warrior (Depths:5)
  A spriggan berserker (Depths:4)
  A shadow demon (Depths:2)
  A swamp dragon (Swamp:4)
  A naga ritualist (Snake:4)
  2 ugly things (Swamp:4)
  2 orange demons (Swamp:4)
  2 hornets (Swamp:4)
  A slime creature (Swamp:4)
  2 bog bodies (Swamp:4)
  2 shadows (Swamp:4)
  3 vampire mosquitoes (Swamp:4)
  A chaos spawn (Depths:3)
  3 nagas (Snake:4)
  A swamp worm (Swamp:4)
  An insubstantial wisp (Swamp:4)
  A swamp drake (Swamp:4)
  An eye of draining (D:12)
  2 starcursed masses (Abyss:3)
  A white imp (Abyss:3)
  4 briar patches (Swamp:4)
58 creatures vanquished.

Vanquished Creatures (others)
  A lich (Depths:4)
  A necromancer (Depths:5)
  A worm (D:2)
  A rat (D:2)
  A briar patch (Swamp:4)
  5 fungi
  17 plants
27 creatures vanquished.

Grand Total: 880 creatures vanquished

Notes
Turn   | Place    | Note
-------+----------+-------------------------------------------
     0 | D:1      | EnegeticOcto the Deep Dwarf Fighter began the quest for the
                  | Orb.
     0 | D:1      | Reached XP level 1. HP: 20/20 MP: 1/1
   138 | D:2      | Reached XP level 2. HP: 20/27 MP: 2/2
   171 | D:2      | Found a faded altar of an unknown god.
   201 | D:2      | Became a worshipper of Ru the Awakened
   224 | D:2      | Fell from the grace of Ru
   227 | D:2      | Reached XP level 3. HP: 33/34 MP: 3/3
   350 | D:3      | Reached XP level 4. HP: 40/42 MP: 4/4
   635 | D:3      | Noticed Sigmund
   688 | D:3      | Killed Sigmund
   688 | D:3      | Reached XP level 5. HP: 42/49 MP: 3/3
   688 | D:3      | Reached XP level 6. HP: 49/56 MP: 4/4
   872 | D:4      | Found a transporter.
   943 | D:4      | Found a burning altar of Makhleb.
   956 | D:4      | Became a worshipper of Makhleb the Destroyer
   967 | D:4      | Reached skill level 5 in Axes
   980 | D:4      | Reached skill level 1 in Invocations
  1051 | D:4      | Found a glowing drain.
  1066 | Sewer    | Entered a sewer
  1300 | D:4      | Reached XP level 7. HP: 64/64 MP: 3/5
  1676 | D:4      | Found a transporter.
  1757 | D:5      | Entered Level 5 of the Dungeon
  1757 | D:5      | Found a bloodstained altar of Trog.
  1757 | D:5      | Found a sparkling altar of Nemelex Xobeh.
  1778 | D:5      | Found a transporter.
  1795 | D:5      | Found a transporter.
  1841 | D:5      | Reached skill level 5 in Armour
  1845 | D:5      | Reached skill level 5 in Shields
  2033 | D:5      | Reached * piety under Makhleb
  2033 | D:5      | Reached XP level 8. HP: 53/73 MP: 7/7
  2195 | D:5      | Noticed Irenicus's ghost (novice DDEE)
  2756 | D:6      | Found an ornate altar of the Wu Jian Council.
  2860 | D:6      | Found a staircase to the Ecumenical Temple.
  3082 | D:6      | Reached ** piety under Makhleb
  3387 | D:6      | Reached skill level 5 in Fighting
  3457 | D:7      | Noticed a hippogriff
  3467 | D:7      | Killed a hippogriff
  3467 | D:7      | Reached skill level 5 in Invocations
  3467 | D:7      | Gained mutation: You passively map the area around you.
                  | [Deep Dwarf growth]
  3467 | D:7      | Reached XP level 9. HP: 51/81 MP: 9/9
  3620 | D:7      | Noticed Menkaure
  3626 | D:7      | Killed Menkaure
  3630 | D:7      | Noticed Harold
  3645 | D:7      | Killed Harold
  3667 | D:7      | Found a shadowy altar of Dithmenos.
  3729 | D:7      | Noticed a troll
  3736 | D:7      | Killed a troll
  3855 | D:7      | Noticed Duvessa
  3855 | D:7      | Noticed Dowan
  3861 | D:7      | Killed Dowan
  3867 | D:7      | Killed Duvessa
  3984 | D:7      | Reached XP level 10. HP: 79/91 MP: 11/11
  4336 | D:8      | Reached *** piety under Makhleb
  4418 | D:8      | Noticed Joseph
  4438 | D:8      | Killed Joseph
  4801 | D:8      | Found a white marble altar of Elyvilon.
  4872 | D:9      | Found the -2 hat of the Alchemist {rElec rPois rF+ rC+ rN+
                  | MR+ rMut rCorr}
  4882 | D:9      | Reached skill level 10 in Axes
  4991 | D:9      | Found a snail-covered altar of Cheibriados.
  5024 | D:9      | Found an iron altar of Okawaru.
  5291 | D:9      | Noticed a centaur warrior
  5342 | D:10     | Entered Level 10 of the Dungeon
  5394 | D:10     | Found a shimmering blue altar of Sif Muna.
  5413 | D:10     | Reached **** piety under Makhleb
  5494 | D:10     | Noticed Urug
  5513 | D:10     | Killed Urug
  5756 | D:10     | Noticed Maurice
  5772 | D:10     | Killed Maurice
  5870 | D:9      | Reached XP level 11. HP: 93/99 MP: 13/13
  5877 | D:9      | Killed a centaur warrior
  5877 | D:9      | Reached skill level 5 in Dodging
  5902 | D:9      | Killed an unseen horror
  5927 | D:9      | Got an ancient plate armour
  5937 | D:9      | Identified the +5 plate armour of the Robin {rC+} (You
                  | found it on level 9 of the Dungeon)
  6248 | D:11     | Reached ***** piety under Makhleb
  6305 | D:11     | Found a gate leading to a gauntlet.
  6411 | D:11     | Noticed Sonja
  6412 | D:11     | Noticed a two-headed ogre
  6414 | D:11     | Killed Sonja
  6420 | D:11     | Killed a two-headed ogre
  6441 | D:11     | Found a staircase to the Lair.
  6490 | D:11     | Found Vadest's General Store.
  6505 | D:11     | Bought a potion of haste for 120 gold pieces
  6505 | D:11     | Bought a scroll of enchant weapon for 90 gold pieces
  6991 | D:12     | Found a staircase to the Orcish Mines.
  7049 | D:12     | Noticed a white ugly thing
  7063 | D:12     | Killed a white ugly thing
  7074 | D:12     | Found a flagged portal.
  7108 | Bailey   | Entered a bailey
  7159 | D:12     | Noticed Frances
  7180 | D:12     | Killed Frances
  7186 | D:12     | Killed an unseen horror
  7257 | D:12     | Noticed Nessos
  7268 | D:12     | Killed Nessos
  7268 | D:12     | Reached XP level 12. HP: 104/110 MP: 11/13
  7386 | D:12     | Noticed Jorgrun
  7390 | D:12     | Noticed a five-headed hydra
  7400 | D:12     | Killed a one-headed hydra
  7411 | D:12     | Killed Jorgrun
  7584 | D:12     | Found a runed translucent door.
  7584 | D:12     | Noticed a sphinx
  7584 | D:12     | Noticed a deep troll earth mage
  7586 | D:12     | Noticed a shadow dragon
  7586 | D:12     | Noticed a deep elf annihilator
  7586 | D:12     | Noticed a stone giant
  7714 | Lair:1   | Entered Level 1 of the Lair of Beasts
  8291 | Lair:2   | Reached skill level 10 in Invocations
  8319 | Lair:2   | Found a staircase to the Swamp.
  8721 | Lair:3   | Noticed a four-headed hydra
  8727 | Lair:3   | Killed a one-headed hydra
  8727 | Lair:3   | Reached skill level 10 in Armour
  8912 | Lair:3   | Reached skill level 10 in Shields
  8931 | Lair:3   | Found a staircase to the Snake Pit.
  9007 | Lair:3   | Found a shadowy altar of Dithmenos.
  9015 | Lair:3   | Noticed Prince Ribbit
  9024 | Lair:3   | Killed Prince Ribbit
  9427 | D:13     | Reached XP level 13. HP: 117/120 MP: 14/14
  9717 | D:14     | Found a gate to the Vaults.
  9838 | D:14     | Found a broken altar of Ashenzari.
  9973 | D:15     | Entered Level 15 of the Dungeon
 10081 | D:15     | Found a stormy altar of Qazlal.
 10088 | D:15     | Reached ****** piety under Makhleb
 10100 | D:15     | Reached skill level 10 in Fighting
 10225 | D:15     | Found a staircase to the Depths.
 10226 | D:15     | Noticed a fire giant
 10238 | D:15     | Killed a fire giant
 10439 | Swamp:1  | Entered Level 1 of the Swamp
 10479 | Swamp:1  | Gained mutation: You resist negative energy. (rN+) [Deep
                  | Dwarf growth]
 10479 | Swamp:1  | Reached XP level 14. HP: 132/132 MP: 16/16
 10550 | Swamp:1  | Found a transporter.
 10693 | Swamp:4  | Entered Level 4 of the Swamp
 10872 | Swamp:4  | Noticed a thorn hunter
 10892 | Swamp:4  | Killed a thorn hunter
 11102 | Swamp:4  | Noticed a white very ugly thing
 11105 | Swamp:4  | Noticed a brown very ugly thing
 11111 | Swamp:4  | Killed a white very ugly thing
 11116 | Swamp:4  | Reached skill level 15 in Axes
 11122 | Swamp:4  | Killed a brown very ugly thing
 11205 | Swamp:4  | Reached XP level 15. HP: 141/141 MP: 18/18
 11225 | Swamp:4  | Got a decaying rune of Zot
 11467 | Snake:1  | Entered Level 1 of the Snake Pit
 11547 | Snake:1  | Found Utiuwn's Gadget Shop.
 11547 | Snake:1  | Found Heptish's Jewellery Shoppe.
 11548 | Snake:1  | Found Jelajaos's Gadget Shop.
 11583 | Snake:1  | Bought a box of beasts (3/3) for 320 gold pieces
 11585 | Snake:1  | Bought the amulet of Zutiow {Acrobat rElec Stlth+} for 655
                  | gold pieces
 11628 | Snake:2  | Reached skill level 1 in Evocations
 11635 | Snake:2  | Reached skill level 10 in Dodging
 11837 | Snake:4  | Entered Level 4 of the Snake Pit
 11935 | Snake:4  | Noticed Aizul
 11958 | Snake:4  | Killed Aizul
 12071 | Snake:4  | Noticed Agnes
 12083 | Snake:4  | Killed Agnes
 12378 | Snake:4  | Noticed Vashnia
 12382 | Snake:4  | Noticed a nagaraja
 12393 | Snake:4  | Noticed a nagaraja
 12401 | Snake:4  | Killed a nagaraja
 12403 | Snake:4  | Killed a nagaraja
 12403 | Snake:4  | Reached XP level 16. HP: 153/153 MP: 18/20
 12406 | Snake:4  | Reached skill level 5 in Evocations
 12450 | Snake:4  | Killed Vashnia
 12465 | Snake:4  | Got a serpentine rune of Zot
 12716 | D:11     | Cast into level 3 of the Abyss (unwielding a weapon of
                  | distortion)
 12716 | Abyss:3  | Found a corrupted altar of Lugonu.
 12800 | Abyss:3  | Got an abyssal rune of Zot
 12871 | Abyss:3  | Noticed a tentacled starspawn
 12883 | Abyss:3  | Killed a tentacled starspawn
 13174 | D:11     | Escaped the Abyss
 13291 | Depths:1 | Entered Level 1 of the Depths
 13374 | Depths:1 | Noticed a sphinx
 13395 | Depths:1 | Found a gateway to Hell.
 13547 | Depths:2 | Noticed a golden dragon
 13574 | Depths:2 | Killed a golden dragon
 13574 | Depths:2 | Reached XP level 17. HP: 91/164 MP: 21/21
 14042 | Depths:3 | Found a one-way gate leading to the halls of Pandemonium.
 14097 | Depths:4 | Noticed a lich
 14102 | Depths:4 | Noticed a Hell Sentinel
 14120 | Depths:4 | Killed a lich
 14159 | Depths:4 | Reached skill level 15 in Invocations
 14162 | Depths:5 | Entered Level 5 of the Depths
 14191 | Depths:5 | Found a gateway to a ziggurat.
 14303 | Depths:5 | Noticed a golden dragon
 14317 | Depths:5 | Killed a golden dragon
 14331 | Depths:5 | Noticed a golden dragon
 14354 | Depths:5 | Killed a golden dragon
 14367 | Depths:5 | Gained mutation: You passively map a large area around you.
                  | [Deep Dwarf growth]
 14367 | Depths:5 | Reached XP level 18. HP: 129/176 MP: 21/21
 14394 | Depths:5 | Found a gate to the Realm of Zot.
 14416 | Depths:5 | Reached skill level 10 in Evocations
 14429 | Zot:1    | Entered Level 1 of the Realm of Zot
 14479 | Zot:2    | Noticed an electric golem
 14507 | Zot:2    | Killed an electric golem
 14608 | Zot:2    | Reached skill level 15 in Fighting
 14616 | Zot:2    | Noticed an orb of fire
 14638 | Zot:2    | Killed an orb of fire
 14694 | Zot:5    | Entered Level 5 of the Realm of Zot
 14716 | Zot:5    | Noticed an Orb Guardian
 14716 | Zot:5    | Noticed an Orb Guardian
 14726 | Zot:5    | Killed an Orb Guardian
 14726 | Zot:5    | Noticed an Orb Guardian
 14726 | Zot:5    | Noticed an Orb Guardian
 14728 | Zot:5    | Killed an Orb Guardian
 14728 | Zot:5    | Noticed an Orb Guardian
 14739 | Zot:5    | Killed an Orb Guardian
 14746 | Zot:5    | Killed an Orb Guardian
 14747 | Zot:5    | Killed an Orb Guardian
 14763 | Zot:5    | Noticed an Orb Guardian
 14763 | Zot:5    | Noticed an Orb Guardian
 14763 | Zot:5    | Noticed an Orb Guardian
 14763 | Zot:5    | Noticed an Orb Guardian
 14763 | Zot:5    | Noticed an Orb Guardian
 14763 | Zot:5    | Noticed an Orb Guardian
 14763 | Zot:5    | Noticed an Orb Guardian
 14763 | Zot:5    | Noticed an Orb Guardian
 14763 | Zot:5    | Noticed an Orb Guardian
 14763 | Zot:5    | Noticed an Orb Guardian
 14763 | Zot:5    | Noticed an Orb Guardian
 14764 | Zot:5    | Noticed an Orb Guardian
 14770 | Zot:5    | Got the Orb of Zot
 14772 | Zot:5    | Noticed an ancient lich
 14773 | Zot:5    | Noticed a Killer Klown
 14774 | Zot:5    | Noticed an electric golem
 14775 | Zot:5    | Noticed an orb of fire
 14775 | Zot:5    | Noticed an orb of fire
 14775 | Zot:5    | Noticed a Killer Klown
 14776 | Zot:5    | Noticed a Killer Klown
 14777 | Zot:5    | Noticed an ancient lich
 14779 | Zot:5    | Noticed an Orb Guardian
 14779 | Zot:5    | Noticed an Orb Guardian
 14780 | Zot:5    | Noticed an Orb Guardian
 14781 | Zot:5    | Noticed an ancient lich
 14785 | Zot:5    | Noticed an ancient lich
 14785 | Zot:5    | Noticed an Orb Guardian
 14785 | Zot:5    | Noticed a golden dragon
 14785 | Zot:5    | Noticed a tentacled monstrosity
 14786 | Zot:5    | Noticed an orb of fire
 14786 | Zot:5    | Noticed an Orb Guardian
 14794 | Zot:5    | Noticed an ancient lich
 14846 | Zot:2    | Noticed an Orb Guardian
 14857 | Zot:2    | Killed an Orb Guardian
 14864 | Zot:2    | Noticed an Orb Guardian
 14918 | Depths:5 | Noticed an Orb Guardian
 15004 | Depths:2 | Noticed an Orb Guardian
 15015 | Depths:2 | Killed an Orb Guardian
 15101 | Depths:2 | Noticed an Orb Guardian
 15110 | Depths:2 | Killed an Orb Guardian
 15110 | Depths:2 | Reached XP level 19. HP: 150/186 MP: 2/13
 15112 | Depths:2 | Noticed a Brimstone Fiend
 15115 | Depths:2 | Noticed Ciuppile the pandemonium lord
 15126 | Depths:2 | Cast into level 5 of the Abyss (Ciuppile)
 15126 | Abyss:5  | Entered Level 5 of the Abyss
 15142 | Depths:2 | Escaped the Abyss
 15210 | Depths:2 | HP: 7/186 [balrug/divine providence[Ciuppile] (6)]
 15211 | Depths:2 | HP: 1/186 [balrug/divine providence[Ciuppile] (6)]
 15213 | Depths:2 | Slain by a sixfirhy

Illustrated notes

Levels and vault maps discovered:
D:1:      ebering_trefoil_3fold, layout_basic, minmay_3d_cube
D:2:      layout_rooms, fiery_altar_vehumet,
          chequers_ecumenical_altar_simple_redux
D:3:      layout_rooms, uniq_sigmund
D:4:      gammafunk_wand_slinger, layout_basic, cheibrodos_sewer_entry_bend,
          bloody_makhleb
D:5:      minmay_evil_eye, layout_loops_ring,
          chequers_temple_overflow_statue_of_worship, serial_bayou,
          serial_bayou_pond_c, serial_bayou_crossing, serial_bayou_pond_b,
          serial_bayou_pond_d, gammafunk_ghost_stat_death
D:6:      layout_cave_pods, minmay_temple_entry_glassed_door, basic_altar
D:7:      layout_loops_corners, nicolae_dithmenos_shadow_blocks, uniq_duvessa,
          uniq_harold, uniq_menkaure
D:8:      layout_loops_ring, lemuel_doored_altar, uniq_joseph
D:9:      layout_roguey, slow_altar_1, basic_altar, minivault_12
D:10:     layout_roguey, basic_altar, uniq_maurice, uniq_urug
D:11:     layout_layer_cave, lair_entry_dummy, gauntlet_entry_generic,
          serial_shops, shop, uniq_sonja
D:12:     minmay_gate_of_8, layout_cave_pools, orc_0_dummy, enter_bailey_3,
          uniq_jorgrun, uniq_nessos, uniq_frances
D:13:     layout_layer_cave, uniq_azrael, uniq_rupert, uniq_kirke
D:14:     kennysheep_snake, layout_long_grid, david_vaults_1, basic_altar,
          uniq_snorg
D:15:     grunt_enter_depths_giant_problem, layout_long_grid,
          chequers_decorated_corner, dk_noncrumbling_4,
          nicolae_qazlal_style_of_elements
Lair:1:   layout_regular_city, cheibrodos_lair_lostbears,
          infiniplex_staircase_pool, grunt_megastairs_2,
          minmay_lair_oklob_chamber
Lair:2:   layout_long_grid, swamp_mist_pool, infiniplex_staircase_pool_2
Lair:3:   layout_misc_corridors, minmay_snake_entry_guardpost_medium,
          basic_altar, kennysheep_rathole, uniq_prince_ribbit2
Swamp:1:  gammafunk_its_a_trap, layout_basic_swamp, evilmike_swamp_ruin_house_5,
          uniq_donald
Swamp:2:  cheibrodos_swamp_monstrosity, layout_falls_marsh,
          hangedman_swamp_ruin_wall
Swamp:3:  layout_falls_marsh, evilmike_swamp_ruin_house_3, uniq_roxanne
Swamp:4:  swamp_vile, layout_basic_swamp, swamp_pool1
Snake:1:  layout_rooms, portal_ice_cave_entry_pillars_2, minmay_shop_grove,
          uniq_nikola
Snake:2:  layout_rooms
Snake:3:  layout_basic, grunt_ministairs_1
Snake:4:  snake_pit, layout_layer_cave, uniq_vashnia, uniq_aizul, uniq_agnes
Depths:1: layout_honeycomb, hangedman_decor_diamond_cutter,
          rand_demon_pan_entry_4, hell_entry, minmay_serpent_palace,
          grunt_megastairs_3, minmay_shoptagon
Depths:2: hangedman_slaughterboxes, serial_shops, hell_entry
Depths:3: mu_elemental_laboratory, layout_basic, grunt_decor_one_mirror,
          mu_enter_wizlab_1, rand_demon_pan_entry_5, grunt_hell_entry_dis_mu,
          hangedman_research_quantum, infiniplex_staircase_diamond, uniq_mennas
Depths:4: minmay_bloctagon, layout_cave_pools,
          nicolae_abyss_entry_one_way_or_another, hell_entry, special_room
          [special_room_mythical_zoo]
Depths:5: grunt_zot_entry_bicorn, layout_cave_pools, enter_ziggurat_b,
          hell_entry, serial_shops, bzr_in_the_mist, minmay_shop_star
Zot:1:    gammafunk_sealed_library, layout_misc_corridors
Zot:2:    layout_misc_corridors
Zot:3:    layout_misc_corridors
Zot:4:    layout_gridlike
Zot:5:    layout_misc_corridors, nicolae_transmutations_shop

Skill      XL: |  1  2  3  4  5  6  7  8  9 10 11 12 13 14 15 16 17 18 |
---------------+-------------------------------------------------------+-----
Fighting       | 3 4 5 6 7 8 10 11 12 13 14 15 | 15.4
Axes           | 3 4 5 6 8 9 10 12 13 14 15 16 | 16.0
Shields        | 4 5 6 7 8 9 10 11 12 13 14 | 14.5
Armour         | 4 5 6 7 8 9 10 11 12 13 14 | 14.6
Invocations    | 1 3 5 6 7 9 10 11 12 13 14 15 16 | 16.2
Dodging        | 3 4 6 7 8 9 10 11 12 13 | 13.3
Evocations     | 4 7 9 11 | 11.4

Action                   |  1- 3 |  4- 6 |  7- 9 | 10-12 | 13-15 | 16-18 | 19-21 || total
-------------------------+-------+-------+-------+-------+-------+-------+-------++-------
Melee: War axe           |    63 |   157 |   294 |   574 |   857 |   969 |    37 ||  2951
Throw: Throwing net      |       |       |       |       |       |       |     2 ||     2
Invok: Renounce Religion |     1 |       |       |       |       |       |       ||     1
       Lesser Servant of |       |       |       |     3 |    15 |    14 |     2 ||    34
       Greater Servant o |       |       |       |       |     5 |    14 |       ||    19
 Abil: Heal Wounds       |     1 |     6 |     4 |     9 |     2 |    60 |    22 ||   104
Evoke: Wand              |       |       |       |     4 |     1 |     1 |       ||     6
       Condenser vane    |       |       |       |       |     2 |     8 |       ||    10
  Use: Scroll            |       |    11 |     7 |    13 |     5 |    15 |     1 ||    52
       Potion            |       |       |       |     1 |     3 |     9 |     1 ||    14
 Stab: Distracted        |       |       |       |     2 |     6 |     9 |       ||    17
       Invisible         |       |       |       |       |       |     5 |       ||     5
Armor: Scale mail        |    40 |    54 |       |       |       |       |       ||    94
       Chain mail        |       |       |   130 |   109 |       |       |       ||   239
       Plate armour      |       |       |       |   147 |   448 |    86 |       ||   681
       Gold dragon scale |       |       |       |       |       |   454 |    64 ||   518
Dodge: Dodged            |    32 |    86 |   117 |   218 |   503 |   588 |    97 ||  1641
Block: Kite shield       |    48 |    84 |   170 |   367 |   719 |   712 |   104 ||  2204

Table legend: (Time is in decaauts)
 A = Elapsed time spent in this place.
 B = Non-inter-level travel time spent in this place.
 C = Inter-level travel time spent in this place.
 D = Time resting spent in this place.
 E = Time spent auto-exploring this place.
 F = Levels seen in this place.
 G = Mean time per level.
                   A        B        C        D        E       F      G
               +--------+--------+--------+--------+--------+-----+--------+
         Total |  14961 |  12999 |   1962 |     32 |   8034 |  40 |  374.0 |
       Dungeon |   9265 |   8297 |    968 |     17 |   5869 |  15 |  617.7 |
          Lair |   1597 |   1240 |    357 |      0 |    985 |   3 |  532.3 |
         Swamp |    952 |    780 |    172 |      0 |    344 |   4 |  238.0 |
     Snake Pit |   1059 |    874 |    185 |      0 |    411 |   4 |  264.8 |
        Depths |   1288 |   1091 |    197 |      0 |    272 |   5 |  257.6 |
           Zot |    383 |    302 |     81 |     15 |      0 |   5 |   76.6 |
         Abyss |    401 |    401 |      0 |      0 |    146 |   2 |  200.5 |
         Sewer |      9 |      9 |      0 |      0 |      5 |   1 |    9.0 |
        Bailey |      2 |      2 |      0 |      0 |      0 |   1 |    2.0 |
               +--------+--------+--------+--------+--------+-----+--------+

Top non-repeatable levels by time:
    D:11: 1035 daAuts
     D:4: 1000 daAuts
     D:5: 935 daAuts
     D:6: 838 daAuts
     D:7: 829 daAuts
     D:9: 745 daAuts
    D:12: 742 daAuts
  Lair:2: 738 daAuts
  Lair:3: 692 daAuts
 Snake:4: 691 daAuts
     D:8: 658 daAuts
Depths:2: 650 daAuts
 Swamp:4: 608 daAuts
    D:10: 590 daAuts
     D:3: 554 daAuts
